 Dungeon Crawl Stone Soup version 0.26-a0-543-ge420d365 (webtiles) character file.

Game seed: 12651788104349730463

7884 Cheivey the Blocker (level 11, -3/89 HPs)
             Began as a Gnoll Fighter on Aug 16, 2020.
             Was an Initiate of Gozag.
             Slain by a yak (7 damage)
             ... on level 10 of the Dungeon on Aug 18, 2020.
             The game lasted 00:16:33 (10029 turns).

Cheivey the Blocker (Gnoll Fighter)                Turns: 10029, Time: 00:16:33

Health: -3/89      AC: 13    Str: 22    XL:     11   Next: 22%
Magic:  20/20      EV: 13    Int: 11    God:    Gozag
Gold:   591        SH: 12    Dex: 16    Spells: 22/22 levels left

rFire    . . .     SeeInvis +   w - +0 morningstar
rCold    . . .     Faith    .   c - +0 kite shield
rNeg     . . .     Spirit   .   b - +0 scale mail
rPois    +         Reflect  .   l - +0 helmet
rElec    .         Harm     .   (no cloak)
rCorr    .                      a - +0 pair of gloves
MR       +....                  p - +1 pair of boots
Stlth    ++........             z - amulet of the acrobat
HPRegen  0.24/turn              B - ring of poison resistance
MPRegen  0.17/turn              q - ring of see invisible

@: marked, gold aura, berserk cooldown, slowed, very slow
A: distributed training, fangs 1, agile 1, magic resistance 1, strong nose
a: Potion Petition, Call Merchant, Bribe Branch, Renounce Religion


You were on level 10 of the Dungeon.
You worshipped Gozag.
Gozag was pleased with you.
You visited 2 branches of the dungeon, and saw 11 of its levels.

You collected 1314 gold pieces.
You paid 723 gold pieces to Gozag.

Inventory:

Hand Weapons
 w - a +0 morningstar (weapon)
Armour
 a - a +0 pair of gloves (worn)
 b - a +0 scale mail (worn)
 c - a +0 kite shield (worn)
 l - a +0 helmet (worn)
 p - a +1 pair of boots (worn)
Jewellery
 q - a ring of see invisible (right hand)
 t - an uncursed ring of flight
 z - an amulet of the acrobat (around neck)
 B - a ring of poison resistance (left hand)
 D - a +4 ring of evasion
 E - an uncursed ring of stealth
Wands
 e - a wand of digging (5)
 f - a wand of enslavement (4)
 g - a wand of random effects (19)
 m - a wand of acid (6)
 r - a wand of disintegration (8)
 u - a wand of iceblast (4)
 A - a wand of polymorph (11)
Scrolls
 h - 6 scrolls of teleportation
 j - 5 scrolls of remove curse
 k - a scroll of enchant weapon
 o - 3 scrolls of fear
 v - 4 scrolls of amnesia
 y - a scroll of random uselessness
 C - a scroll of blinking
 F - 4 scrolls of identify
Potions
 d - a potion of flight
 i - 3 potions of magic
 n - 3 potions of stabbing
 s - a potion of curing
 x - 2 potions of brilliance


   Skills:
 + Level 9.0 Fighting
 + Level 6.1 Short Blades
 + Level 6.1 Long Blades
 + Level 7.7 Axes
 + Level 6.1 Maces & Flails
 + Level 6.1 Polearms
 + Level 6.1 Staves
 + Level 6.1 Slings
 + Level 6.1 Bows
 + Level 6.1 Crossbows
 + Level 6.1 Throwing
 + Level 9.0 Armour
 + Level 6.1 Dodging
 + Level 6.1 Stealth
 + Level 9.0 Shields
 + Level 6.1 Unarmed Combat
 + Level 6.1 Spellcasting
 + Level 5.0 Conjurations
 + Level 5.0 Hexes
 + Level 5.0 Summonings
 + Level 5.0 Necromancy
 + Level 5.0 Translocations
 + Level 5.0 Transmutations
 + Level 5.0 Fire Magic
 + Level 5.0 Ice Magic
 + Level 5.0 Air Magic
 + Level 5.0 Earth Magic
 + Level 5.0 Poison Magic
 + Level 6.7 Invocations
 + Level 6.1 Evocations


You had 22 spell levels left.
You didn't know any spells.
Your spell library contained the following spells:

 Spells                   Type           Power        Failure   Level
 Beastly Appendage        Tmut           ##....       12%         1
 Wereblood                Tmut           ##......     17%         2
 Spider Form              Tmut/Pois      ##........   34%         3
 Ice Form                 Ice/Tmut       ##......     75%         4
 Blade Hands              Tmut           ##........   97%         5


Dungeon Overview and Level Annotations

Branches:
Dungeon (10/15)            Temple (1/1) D:7            Lair (0/6) D:10
    Orc: D:9-12

Altars:
Ashenzari
Cheibriados
Dithmenos
Elyvilon
Fedhas
Gozag
Hepliaklqana
Kikubaaqudgha
Makhleb
Nemelex Xobeh
Okawaru
Qazlal
Ru
Sif Muna
Trog
Uskayaw
Vehumet
Wu Jian
Xom
Yredelemnul
Zin
The Shining One
Beogh

Shops:
D:4 =   D:6 }   D:8 *

Annotations:
D:5 3 runed translucent doors, tardwrangler69's ghost, novice OpVM
D:10 Sonja


Innate Abilities, Weirdness & Mutations

Your experience applies equally to all skills.
You have very sharp teeth.
Your uncanny sense of smell can sniff out nearby items.
You are agile. (Dex +2)
You are resistant to hostile enchantments. (MR+)


Message History

The yak becomes distracted by the nearby gold, dreaming of imaginary riches.
You block the yak's attack.
The orc warrior becomes distracted by the nearby gold, dreaming of imaginary riches.
You block the yak's attack.
The orc wizard mumbles some strange words.
The orc wizard blinks!
The orc warrior shouts!
The bullfrog croaks.
The yak bellows!
You puncture the yak!
The yak is lightly wounded.
The bullfrog is no longer distracted by gold.
The yak closely misses you. The orc closely misses you.
The yak closely misses you. You block the yak's attack.
The yak gores you but does no damage.
You closely miss the yak. You bite the yak.
The yak is moderately wounded.
The orc warrior is no longer distracted by gold.
The yak is no longer distracted by gold.
You block the yak's attack. The yak closely misses you. The yak gores you!
You die...
Your body crumbles into a pile of gold.

### #.## #KY##
##oYY####
##oYY@Yo$#
##oF#####....#
###oo## ##...
##...## .
##.Y###
###..##
##o..##
##..###
###.o##


You could see 6 yaks, Sonja, an orc warrior, a bullfrog, an orc priest, an orc
wizard and 2 orcs.

Vanquished Creatures
  Harold (D:10)
  An unseen horror (D:10)
  Pikel (D:8)
  Psyche (D:9)
  A centaur skeleton (D:10)
  2 trolls (D:9)
  Grinder (D:6)
  4 hippogriffs
  A water moccasin (D:8)
  A sky beast (D:10)
  An orc warrior (D:10)
  2 ice beasts
  2 phantoms
  3 ogres
  A necrophage (D:8)
  5 centaurs
  A crocodile (D:10)
  2 lemures (D:8)
  2 big kobolds (D:9)
  3 bullfrogs
  7 scorpions
  7 killer bees
  3 wights (D:7)
  6 howler monkeys
  A bullfrog zombie (D:5)
  4 hounds
  2 jellies
  4 bullfrog skeletons
  5 orc priests
  3 iguanas
  4 orc wizards
  6 worker ants
  A hound skeleton (D:4)
  A howler monkey zombie (D:7)
  2 worker ant zombies
  10 adders
  A howler monkey skeleton (D:10)
  A shadow imp (D:9)
  2 white imps
  2 ufetubi
  2 adder skeletons
  An adder zombie (D:5)
  5 worms
  A dart slug (D:1)
  9 leopard geckos
  21 orcs
  5 giant cockroaches
  10 goblins
  5 hobgoblins
  13 jackals
  11 kobolds
  6 quokkas
  A ball python (D:7)
  6 bats
  8 frilled lizards
  A giant cockroach zombie (D:5)
  2 jackal skeletons
  4 rats
219 creatures vanquished.

Vanquished Creatures (collateral kills)
  The ghost of tardwrangler69 the Tainter, a novice OpVM of Gozag (D:9)
1 creature vanquished.

Grand Total: 220 creatures vanquished

Notes
Turn   | Place    | Note
-------+----------+-------------------------------------------
     0 | D:1      | Cheivey the Gnoll Fighter began the quest for the Orb.
     0 | D:1      | Reached XP level 1. HP: 23/23 MP: 1/1
    79 | D:1      | Reached XP level 2. HP: 29/29 MP: 2/2
  1038 | D:2      | Reached XP level 3. HP: 35/35 MP: 3/3
  1155 | D:2      | Reached skill level 1 in Invocations
  1471 | D:2      | Reached skill level 1 in Short Blades
  1471 | D:2      | Reached skill level 1 in Long Blades
  1471 | D:2      | Reached skill level 1 in Maces & Flails
  1471 | D:2      | Reached skill level 1 in Polearms
  1471 | D:2      | Reached skill level 1 in Staves
  1471 | D:2      | Reached skill level 1 in Slings
  1471 | D:2      | Reached skill level 1 in Bows
  1471 | D:2      | Reached skill level 1 in Crossbows
  1471 | D:2      | Reached skill level 1 in Throwing
  1471 | D:2      | Reached skill level 1 in Dodging
  1471 | D:2      | Reached skill level 1 in Stealth
  1471 | D:2      | Reached skill level 1 in Unarmed Combat
  1471 | D:2      | Reached skill level 1 in Spellcasting
  1471 | D:2      | Reached skill level 1 in Evocations
  1761 | D:3      | Reached XP level 4. HP: 36/41 MP: 5/5
  1891 | D:3      | Found a shimmering altar of Xom.
  1983 | D:3      | Reached skill level 1 in Conjurations
  1983 | D:3      | Reached skill level 1 in Hexes
  1983 | D:3      | Reached skill level 1 in Summonings
  1983 | D:3      | Reached skill level 1 in Necromancy
  1983 | D:3      | Reached skill level 1 in Translocations
  1983 | D:3      | Reached skill level 1 in Transmutations
  1983 | D:3      | Reached skill level 1 in Fire Magic
  1983 | D:3      | Reached skill level 1 in Ice Magic
  1983 | D:3      | Reached skill level 1 in Air Magic
  1983 | D:3      | Reached skill level 1 in Earth Magic
  1983 | D:3      | Reached skill level 1 in Poison Magic
  2197 | D:3      | Reached XP level 5. HP: 47/47 MP: 6/6
  2228 | D:3      | Gained mutation: Your mind is acute. (Int +2) [potion of
                  | mutation]
  2228 | D:3      | Gained mutation: You have large cloven feet. [potion of
                  | mutation]
  2675 | D:4      | Found Potsoz's Jewellery Shop.
  2745 | D:4      | Noticed an ogre
  2754 | D:4      | Killed an ogre
  2754 | D:4      | Reached XP level 6. HP: 34/53 MP: 8/8
  2918 | D:4      | Reached skill level 5 in Axes
  3320 | D:4      | Reached XP level 7. HP: 60/60 MP: 10/10
  3527 | D:4      | Lost mutation: You have large cloven feet. [potion of
                  | mutation]
  3527 | D:4      | Lost mutation: Your mind is acute. (Int +2) [potion of
                  | mutation]
  3527 | D:4      | Gained mutation: Your mind is acute. (Int +2) [potion of
                  | mutation]
  3527 | D:4      | Gained mutation: You are frail. (-10% HP) [potion of
                  | mutation]
  3527 | D:4      | Gained mutation: Scrolls take you a little longer to read.
                  | [potion of mutation]
  3527 | D:4      | Gained mutation: You are partially covered in yellow
                  | scales. (AC +2) [potion of mutation]
  3548 | D:5      | Entered Level 5 of the Dungeon
  4090 | D:5      | Noticed tardwrangler69's ghost (novice OpVM)
  4091 | D:5      | Found a runed translucent gate.
  4091 | D:5      | Found a runed translucent gate.
  4091 | D:5      | Found a runed translucent gate.
  4092 | D:5      | Identified the cursed +0 mace of the Final Chapter {venom,
                  | Fragile +Inv MR+ Str+5}
  4092 | D:5      | Identified the +8 chain mail of Sunlight {*Corrode rElec
                  | rPois Str+4}
  4094 | D:5      | Found a roughly hewn altar of Beogh.
  4182 | D:6      | Noticed Grinder
  4187 | D:6      | Killed Grinder
  4187 | D:6      | Reached XP level 8. HP: 60/60 MP: 12/12
  4328 | D:6      | Found a blossoming altar of Fedhas.
  4667 | D:6      | Found Nuocwiu's Gadget Shop.
  4791 | D:7      | Found a staircase to the Ecumenical Temple.
  4810 | Temple   | Entered the Ecumenical Temple
  4933 | Temple   | Became a worshipper of Gozag Ym Sagoz the Greedy
  5104 | D:7      | Reached XP level 9. HP: 64/64 MP: 14/14
  6150 | D:8      | Found a hazy altar of Hepliaklqana.
  6249 | D:8      | Found Vuomahal's General Store.
  6408 | D:8      | Noticed Pikel
  6441 | D:8      | Killed Pikel
  6441 | D:8      | Reached skill level 5 in Invocations
  6808 | D:9      | Found a runed translucent door.
  6815 | D:9      | Noticed tardwrangler69's ghost (novice OpVM)
  6828 | D:9      | Noticed Psyche
  6839 | D:9      | Killed Psyche
  6839 | D:9      | Reached XP level 10. HP: 47/72 MP: 17/17
  7062 | D:9      | Killed tardwrangler69's ghost
  7062 | D:9      | Reached skill level 5 in Short Blades
  7062 | D:9      | Reached skill level 5 in Long Blades
  7062 | D:9      | Reached skill level 5 in Maces & Flails
  7062 | D:9      | Reached skill level 5 in Polearms
  7062 | D:9      | Reached skill level 5 in Staves
  7062 | D:9      | Reached skill level 5 in Slings
  7062 | D:9      | Reached skill level 5 in Bows
  7062 | D:9      | Reached skill level 5 in Crossbows
  7062 | D:9      | Reached skill level 5 in Throwing
  7062 | D:9      | Reached skill level 5 in Dodging
  7062 | D:9      | Reached skill level 5 in Stealth
  7062 | D:9      | Reached skill level 5 in Unarmed Combat
  7062 | D:9      | Reached skill level 5 in Spellcasting
  7062 | D:9      | Reached skill level 5 in Evocations
  7438 | D:9      | Upgraded the game from 0.26-a0-541-g3b3d21e to
                  | 0.26-a0-543-ge420d365
  8713 | D:10     | Entered Level 10 of the Dungeon
  9507 | D:10     | Lost mutation: Scrolls take you a little longer to read.
                  | [potion of mutation]
  9507 | D:10     | Lost mutation: You are frail. (-10% HP) [potion of
                  | mutation]
  9507 | D:10     | Lost mutation: Your mind is acute. (Int +2) [potion of
                  | mutation]
  9507 | D:10     | Lost mutation: You are partially covered in yellow scales.
                  | (AC +2) [potion of mutation]
  9507 | D:10     | Gained mutation: You are surrounded by a mild repulsion
                  | field. (EV +2) [potion of mutation]
  9507 | D:10     | Gained mutation: You have a pair of small horns on your
                  | head. [potion of mutation]
  9508 | D:10     | Lost mutation: You have a pair of small horns on your head.
                  | [potion of mutation]
  9508 | D:10     | Lost mutation: You are surrounded by a mild repulsion
                  | field. (EV +2) [potion of mutation]
  9508 | D:10     | Gained mutation: You are resistant to hostile enchantments.
                  | (MR+) [potion of mutation]
  9508 | D:10     | Gained mutation: You are agile. (Dex +2) [potion of
                  | mutation]
  9674 | D:10     | Noticed an unseen horror
  9709 | D:10     | Killed an unseen horror
  9709 | D:10     | Reached XP level 11. HP: 59/87 MP: 19/19
  9851 | D:10     | Found a staircase to the Lair.
  9976 | D:10     | Noticed Sonja
  9988 | D:10     | Noticed Harold
 10010 | D:10     | Killed Harold
 10010 | D:10     | Reached skill level 5 in Conjurations
 10010 | D:10     | Reached skill level 5 in Hexes
 10010 | D:10     | Reached skill level 5 in Summonings
 10010 | D:10     | Reached skill level 5 in Necromancy
 10010 | D:10     | Reached skill level 5 in Translocations
 10010 | D:10     | Reached skill level 5 in Transmutations
 10010 | D:10     | Reached skill level 5 in Fire Magic
 10010 | D:10     | Reached skill level 5 in Ice Magic
 10010 | D:10     | Reached skill level 5 in Air Magic
 10010 | D:10     | Reached skill level 5 in Earth Magic
 10010 | D:10     | Reached skill level 5 in Poison Magic
 10026 | D:10     | HP: 3/89 [orc priest/divine providence (12)]
 10029 | D:10     | Slain by a yak

Illustrated notes

Levels and vault maps discovered:
D:1:      dpeg_arrival_tiny_a, layout_basic, serial_forest,
          infiniplex_forest_lined_3, infiniplex_forest_zigzag_1,
          infiniplex_forest_straight_2, infiniplex_forest_lined_4_way,
          infiniplex_forest_clump_C, infiniplex_forest_straight_1,
          infiniplex_forest_fountain, infiniplex_forest_end_1
D:2:      layout_basic
D:3:      layout_loops_ring, xom_teletrap_fun
D:4:      layout_rooms, serial_shops, shop, corexii_hall_statues_l,
          chequers_avenue
D:5:      layout_rooms, biasface_ghost_orc_armoury, minmay_joined_circles
D:6:      layout_rooms, serial_shops, nicolae_shop_behind_doors, fedhas_altar_3,
          uniq_grinder
D:7:      layout_layer_cave, minmay_temple_entry_mini_moons
D:8:      layout_loops_ring, lemuel_doored_altar, serial_shops,
          nicolae_shop_waterfront, uniq_pikel
D:9:      layout_roguey, gammafunk_ghost_grave, uniq_psyche
D:10:     layout_cave_pods, lair_entry_dummy, uniq_sonja, uniq_harold
Temple:   nicolae_temple_the_god_donut

Skill      XL: |  1  2  3  4  5  6  7  8  9 10 11 |
---------------+----------------------------------+-----
Invocations    | 1 2 3 4 5 6 |  6.7
Short Blades   | 1 2 3 4 5 6 |  6.1
Long Blades    | 1 2 3 4 5 6 |  6.1
Maces & Flails | 1 2 3 4 5 6 |  6.1
Polearms       | 1 2 3 4 5 6 |  6.1
Staves         | 1 2 3 4 5 6 |  6.1
Slings         | 1 2 3 4 5 6 |  6.1
Bows           | 1 2 3 4 5 6 |  6.1
Crossbows      | 1 2 3 4 5 6 |  6.1
Throwing       | 1 2 3 4 5 6 |  6.1
Dodging        | 1 2 3 4 5 6 |  6.1
Stealth        | 1 2 3 4 5 6 |  6.1
Unarmed Combat | 1 2 3 4 5 6 |  6.1
Spellcasting   | 1 2 3 4 5 6 |  6.1
Evocations     | 1 2 3 4 5 6 |  6.1
Conjurations   | 1 2 3 4 5 |  5.0
Hexes          | 1 2 3 4 5 |  5.0
Summonings     | 1 2 3 4 5 |  5.0
Necromancy     | 1 2 3 4 5 |  5.0
Translocations | 1 2 3 4 5 |  5.0
Transmutations | 1 2 3 4 5 |  5.0
Fire Magic     | 1 2 3 4 5 |  5.0
Ice Magic      | 1 2 3 4 5 |  5.0
Air Magic      | 1 2 3 4 5 |  5.0
Earth Magic    | 1 2 3 4 5 |  5.0
Poison Magic   | 1 2 3 4 5 |  5.0
Axes           | 5 6 7 |  7.7
Fighting       | 7 8 9 |  9.0
Armour         | 7 8 9 |  9.0
Shields        | 7 8 9 |  9.0

Action                   |  1- 3 |  4- 6 |  7- 9 | 10-12 || total
-------------------------+-------+-------+-------+-------++-------
Melee: War axe           |    73 |    65 |       |       ||   138
       Bite              |     9 |    10 |    32 |    46 ||    97
       Flail             |       |    65 |   272 |    94 ||   431
       Morningstar       |       |       |       |   199 ||   199
Invok: Potion Petition   |       |       |       |     3 ||     3
  Use: Scroll            |     3 |     3 |    14 |     6 ||    26
       Potion            |       |     1 |    11 |     4 ||    16
 Stab: Distracted        |       |       |     1 |     1 ||     2
       Invisible         |       |       |     4 |     3 ||     7
       Sleeping          |       |       |       |     4 ||     4
Armor: Scale mail        |    40 |    50 |   116 |   133 ||   339
Dodge: Dodged            |    34 |    43 |   117 |   197 ||   391
Block: Kite shield       |    40 |    69 |   185 |   266 ||   560

Table legend: (Time is in decaauts)
 A = Elapsed time spent in this place.
 B = Non-inter-level travel time spent in this place.
 C = Inter-level travel time spent in this place.
 D = Time resting spent in this place.
 E = Time spent auto-exploring this place.
 F = Levels seen in this place.
 G = Mean time per level.
                   A        B        C        D        E       F      G
               +--------+--------+--------+--------+--------+-----+--------+
         Total |  10242 |  10008 |    234 |   1224 |   6673 |  11 |  931.1 |
       Dungeon |  10089 |   9855 |    234 |   1224 |   6673 |  10 | 1008.9 |
        Temple |    152 |    152 |      0 |      0 |      0 |   1 |  152.0 |
               +--------+--------+--------+--------+--------+-----+--------+

Top non-repeatable levels by time:
     D:9: 1921 daAuts
    D:10: 1369 daAuts
     D:7: 1175 daAuts
     D:1: 977 daAuts
     D:3: 939 daAuts
     D:4: 895 daAuts
     D:2: 803 daAuts
     D:8: 734 daAuts
     D:5: 648 daAuts
     D:6: 624 daAuts
  Temple: 152 daAuts
